 Dungeon Crawl Stone Soup version 0.31-a0-632-g766dd24fdf (webtiles) character file.

Game seed: 9013932195773822445

12976 AtlasWard the Cleaver (level 12, -1/99 HPs)
             Began as a Human Fighter on Aug 25, 2023.
             Was an Elder of Okawaru.
             Slain by an elephant (7 damage)
             ... while petrified by a basilisk
             ... on level 11 of the Dungeon.
             The game lasted 00:29:21 (12380 turns).

AtlasWard the Cleaver (Human Fighter)              Turns: 12380, Time: 00:29:21

Health: -1/99      AC: 17    Str: 20    XL:     12   Next: 26%
Magic:  0/13       EV:  2    Int: 14    God:    Okawaru [****..]
Gold:   616        SH:  0    Dex: 13    Spells: 11/11 levels left

rFire   . . .        a - +0 war axe
rCold   . . .        c - +0 buckler
rNeg    + + +        p - +7 ring mail of Eternity {Int+4}
rPois   ∞            f - +0 helmet
rElec   .            B - +1 cloak
rCorr   .            i - +0 pair of gloves
SInv    +            (no boots)
Will    .....        x - amulet of guardian spirit
Stlth   +            g - ring of see invisible
HPRegen 0.36/turn    (no ring)
MPRegen 0.13/turn

%: guardian spirit
@: petrified, studying Throwing
A: no striking features
a: Renounce Religion, Heroism, Finesse


You were on level 11 of the Dungeon.
You worshipped Okawaru.
Okawaru was greatly pleased with you.
You visited 2 branches of the dungeon, and saw 13 of its levels.

You collected 714 gold pieces.
You spent 98 gold pieces at shops.

Inventory:

Hand Weapons
 a - a +0 war axe (weapon)
 b - a +0 morningstar of holy wrath
 I - a +4 battleaxe
 Q - a +4 hand axe of freezing
Missiles
 e - 21 poisoned darts (quivered)
 O - a curare-tipped dart
Armour
 c - a +0 buckler (worn)
 f - a +0 helmet (worn)
 i - a +0 pair of gloves (worn)
 n - a +0 plate armour
 p - the +7 ring mail of Eternity (worn) {Int+4}
   (You found it on level 2 of the Dungeon)

   Int+4:     It affects your intelligence (+4).
 u - the +0 ring mail of the Game of Life {rElec Int-3 Stlth+}
   (You found it on level 4 of the Dungeon)

   Int-3:     It affects your intelligence (-3).
   rElec:     It insulates you from electricity.
   Stlth+:    It makes you more stealthy.
 B - a +1 cloak (worn)
Jewellery
 g - a ring of see invisible (left hand)
 x - an amulet of guardian spirit (around neck)
 J - a ring of ice
 P - a ring of wizardry
Wands
 v - a wand of flame (62)
 H - a wand of mindburst (15)
Scrolls
 j - 6 scrolls of identify {unknown}
 k - 2 scrolls of noise {unknown}
 l - 5 scrolls of blinking {unknown}
 m - 4 scrolls of amnesia {unknown}
 o - 4 scrolls of enchant armour {unknown}
 q - 2 scrolls of silence {unknown}
 r - 6 scrolls of teleportation
 t - 3 scrolls of poison {unknown}
 y - a scroll of summoning {unknown}
 A - 3 scrolls of fear
 D - 3 scrolls of fog {unknown}
 E - 2 scrolls of enchant weapon {unknown}
 G - 2 scrolls of brand weapon {unknown}
 M - a scroll of revelation {unknown}
 N - a scroll of vulnerability {unknown}
Potions
 d - 3 potions of might
 h - 4 potions of resistance
 w - 2 potions of attraction {unknown}
 z - 2 potions of mutation {unknown}
 C - a potion of lignification {unknown}
 F - 2 potions of magic {unknown}
 K - 2 potions of curing {unknown}
 L - a potion of haste


   Skills:
 + Level 10.7 Fighting
 * Level 14.2 Axes
 + Level 9.7 Throwing
 - Level 3.1 Armour
 - Level 3.1 Shields
 + Level 2.5 Invocations


You had 11 spell levels left.
You didn't know any spells.
Your spell library contained the following spells:

 Spells                   Type           Power      Damage    Failure   Level
 Necrotise                Necr           0%         1d4       52%         1
 Frozen Ramparts          Ice            0%         1d1       87%         3
 Portal Projectile        Hex/Tloc       0%         N/A       87%         3
 Vampiric Draining        Necr           0%         2d6       87%         3
 Cause Fear               Hex            0%         N/A       99%         4
 Iskenderun's Mystic Bla  Conj/Tloc      0%         2d3       99%         4
 Petrify                  Tmut/Erth      0%         N/A       99%         4
 Agony                    Necr           0%         N/A       100%        5
 Fireball                 Conj/Fire      0%         3d3       100%        5
 Metabolic Englaciation   Hex/Ice        0%         N/A       100%        5
 Borgnjor's Revivificati  Necr           0%         N/A       100%        8
 Death's Door             Necr           0%         N/A       100%        9
 Tukima's Dance           Hex            Unusable   N/A       N/A         3
 Haunt                    Necr/Summ      Unusable   N/A       N/A         7
 Dragon's Call            Summ           Unusable   N/A       N/A         9

Dungeon Overview and Level Annotations

Branches:
Dungeon (12/15)            Temple (1/1) D:7             Orc (0/2) D:9
   Lair: D:8-11

Altars:
Ashenzari
Cheibriados
Dithmenos
Elyvilon
Fedhas
Gozag
Hepliaklqana
Kikubaaqudgha
Makhleb
Nemelex Xobeh
Okawaru
Qazlal
Ru
Sif Muna
Trog
Uskayaw
Vehumet
Wu Jian
Xom
Yredelemnul
Zin
The Shining One

Shops:
D:7 [   D:9 *


Message History

You block the elephant's attack.
Unknown command.
Unknown command.
Unknown command.
Okay, then.
You feel much better.
The basilisk bites you but does no damage.
The elephant tramples you but does no damage.
The elephant trunk-slaps you but does no damage.
The basilisk gazes at you.
Your limbs have turned to stone.
The elephant tramples you.
* * * LOW HITPOINT WARNING * * *
You hold your ground!
You block the elephant's attack.
You have turned to stone.
The basilisk gazes at you. The elephant tramples you.
* * * LOW HITPOINT WARNING * * *
You hold your ground!
The elephant trunk-slaps you but does no damage.
The basilisk bites you!
* * * LOW HITPOINT WARNING * * *
The elephant tramples you but does no damage.
The elephant trunk-slaps you but does no damage.
The basilisk gazes at you. The elephant tramples you!
* * * LOW HITPOINT WARNING * * *
You hold your ground!
The elephant trunk-slaps you but does no damage.
The basilisk bites you but does no damage.
The elephant tramples you!
* * * LOW HITPOINT WARNING * * *
You hold your ground!
The elephant trunk-slaps you but does no damage.
The basilisk bites you!
* * * LOW HITPOINT WARNING * * *
The elephant barely misses you.
The elephant trunk-slaps you but does no damage.
The basilisk gazes at you. You resist with some effort.
The elephant tramples you!
You die...

#........(.......................
#.#...#...>.#...# .....#..#..#..#
#................................
#.....#+##.....### ##.....##'###
#.....# #.###.+ #.....#.....
#.....+ #.###.# #.##..#.....
#.....# #..... #.##..#.....
#.....# #.....##+####.....#####.
#.....# ### #..@..........#####.
#..#..# #.lY)#..#..#..#.....
#.....# ####.............###'##
#....## #....))######..........
#.#..# #.#..#†# #........##
#.#..# # ###... #.#........
#....###### ..... #.#........
#........^. ....... #.#.....###
#.#....#..# #.....P.# #.....# .


You could see an elephant and a basilisk.

Vanquished Creatures
  4 two-headed ogres
  2 unseen horrors (D:10)
  A komodo dragon (D:11)
  A troll (D:11)
  2 polar bears (D:8)
  A hornet (D:9)
  Sigmund (D:3)
  3 wyverns
  12 yaks
  A wraith (D:11)
  3 vampire mosquitoes (D:11)
  4 wargs (D:10)
  An acid dragon (D:10)
  4 water moccasins
  2 black bears
  4 sky beasts
  2 orc warriors
  6 ice beasts
  3 wolves (D:8)
  An ogre (D:7)
  2 centaurs (D:7)
  2 phantoms (D:5)
  3 kobold brigands
  3 bullfrogs
  A water moccasin zombie (D:5)
  A necrophage (D:5)
  2 scorpions
  16 wights
  9 killer bees
  2 electric eels (D:8)
  6 howler monkeys
  A centaur zombie (D:5)
  A human zombie (D:5)
  Crazy Yiuf (D:3)
  A bullfrog zombie (D:5)
  2 gnoll boudas
  2 jellies
  4 orc priests
  5 hounds
  13 orc wizards
  4 centaur simulacra (D:8)
  A hound zombie (D:5)
  A mummy (D:5)
  9 gnolls
  A howler monkey zombie (D:5)
  11 adders
  A shadow imp (D:8)
  5 white imps
  A howler monkey simulacrum (D:8)
  3 worms
  4 dart slugs
  31 orcs
  6 ball pythons
  A bat (D:1)
  8 endoplasms
  9 giant cockroaches
  5 hobgoblins
  A jackal (D:4)
  12 kobolds
  5 quokkas
  2 frilled lizards
  5 goblins
  5 rats
266 creatures vanquished.

Vanquished Creatures (others)
  A white imp (D:8)
1 creature vanquished.

Grand Total: 267 creatures vanquished

Notes
Turn   | Place    | Note
-------+----------+-------------------------------------------
     0 | D:1      | AtlasWard the Human Fighter began the quest for the Orb.
     0 | D:1      | Reached XP level 1. HP: 18/18 MP: 1/1
   198 | D:1      | Reached XP level 2. HP: 24/24 MP: 2/2
   568 | D:1      | Reached XP level 3. HP: 28/29 MP: 3/3
   749 | D:2      | Reached skill level 3 in Axes
   800 | D:2      | Identified the +7 ring mail of Eternity {Int+4}
   997 | D:2      | Noticed a scorpion
  1006 | D:2      | Killed a scorpion
  1007 | D:2      | Reached XP level 4. HP: 37/37 MP: 4/4
  1007 | D:2      | Reached XP level 5. HP: 42/42 MP: 5/5
  1075 | D:2      | Reached skill level 4 in Axes
  1370 | D:3      | Found a runed translucent door.
  1371 | D:3      | Noticed Crazy Yiuf
  1426 | D:3      | Noticed Sigmund
  1477 | D:4      | Noticed an ice beast
  1520 | D:2      | Killed an ice beast
  1521 | D:2      | Reached skill level 5 in Axes
  1521 | D:2      | Reached XP level 6. HP: 37/49 MP: 6/6
  1640 | D:4      | Noticed a sky beast
  1659 | D:4      | Killed a sky beast
  1781 | D:4      | Identified the +0 ring mail of the Game of Life {rElec
                  | Int-3 Stlth+}
  1806 | D:4      | Reached XP level 7. HP: 45/55 MP: 7/7
  2100 | D:4      | Reached skill level 5 in Fighting
  2122 | D:4      | Reached skill level 6 in Axes
  2128 | D:4      | Identified the +6 arbalest "Cauchaos" {penet, Fragile
                  | +Blink rN+ Int+2}
  2301 | D:4      | Noticed a water moccasin
  2313 | D:4      | Killed a water moccasin
  2558 | D:4      | Reached XP level 8. HP: 54/63 MP: 8/8
  2870 | D:3      | Reached skill level 7 in Axes
  3103 | D:3      | Killed Sigmund
  3180 | D:3      | Killed Crazy Yiuf
  3431 | D:5      | Entered Level 5 of the Dungeon
  3601 | D:5      | Found a shadowy altar of Dithmenos.
  3903 | D:5      | Reached skill level 8 in Axes
  3980 | D:5      | Reached XP level 9. HP: 71/71 MP: 9/9
  4085 | D:5      | Found an ancient bone altar of Kikubaaqudgha.
  4290 | D:5      | Reached skill level 9 in Axes
  5010 | D:6      | Identified the +1 glaive "Seonn" {protect, rC+++}
  5317 | D:7      | Reached skill level 10 in Axes
  5342 | D:7      | Found Yro Jaa's Armour Boutique.
  5619 | D:7      | Reached XP level 10. HP: 77/80 MP: 10/10
  5706 | D:7      | Reached skill level 1 in Throwing
  5782 | D:7      | Reached skill level 11 in Axes
  5919 | D:7      | Identified the +1 whip "Beastbane" {drain, Str+3}
  6232 | D:7      | Found a staircase to the Ecumenical Temple.
  6269 | Temple   | Entered the Ecumenical Temple
  6925 | D:8      | Reached skill level 5 in Throwing
  7009 | D:8      | Found an ornate altar of the Wu Jian Council.
  7163 | D:8      | Reached skill level 12 in Axes
  7663 | D:8      | Found a large runed translucent door.
  7664 | D:8      | Found a large runed translucent door.
  7812 | D:8      | Reached XP level 11. HP: 82/89 MP: 11/11
  8173 | D:8      | Found an iron altar of Okawaru.
  8190 | D:8      | Found a hazy altar of Hepliaklqana.
  8205 | D:8      | Became a worshipper of Warmaster Okawaru
  8260 | D:9      | You fall into a shaft and drop 3 floors!
  8325 | D:11     | Noticed a two-headed ogre
  8328 | D:10     | Entered Level 10 of the Dungeon
  8339 | D:9      | Found Wanuomin's General Store.
  8342 | D:9      | Bought a scroll of teleportation for 42 gold pieces
  8342 | D:9      | Bought a scroll of fear for 56 gold pieces
  8347 | D:9      | Noticed a two-headed ogre
  8373 | D:10     | Killed a two-headed ogre
  8679 | D:9      | Paralysed by a hornet for 1 turns
  8956 | D:9      | Identified the +10 flail of the Stopping Fool {heavy, Fly
                  | rElec Int+2}
  8997 | D:9      | Found a staircase to the Orcish Mines.
  9330 | D:9      | Found a bloodstained altar of Trog.
  9390 | D:9      | Found an opulent altar of Gozag.
  9405 | D:9      | Noticed a two-headed ogre
  9418 | D:9      | Killed a two-headed ogre
  9418 | D:9      | Reached * piety under Okawaru
  9419 | D:9      | Reached skill level 13 in Axes
  9878 | D:10     | Reached skill level 10 in Fighting
 10533 | D:10     | Reached ** piety under Okawaru
 10758 | D:10     | Found a hide-covered altar of Uskayaw.
 11051 | D:10     | Reached *** piety under Okawaru
 11456 | D:11     | Killed a two-headed ogre
 11457 | D:11     | Reached skill level 1 in Invocations
 11457 | D:11     | Reached XP level 12. HP: 34/98 MP: 5/12
 11681 | D:11     | Noticed a two-headed ogre
 11695 | D:11     | Killed a two-headed ogre
 11695 | D:11     | Reached **** piety under Okawaru
 11696 | D:11     | Reached skill level 14 in Axes
 12380 | D:11     | Slain by an elephant

Illustrated notes

Levels and vault maps discovered:
D:1:      dpeg_arrival_stonehenge_8_columns, layout_basic,
          minmay_worlds_worst_comb
D:2:      layout_loops_ring, minmay_pentomino_o4
D:3:      layout_basic, uniq_crazy_yiuf_cottage, uniq_sigmund
D:4:      minmay_clustersquares, layout_basic, cheibrodos_sewer_entry_bend,
          chequers_serial_rivers_marsh
D:5:      layout_basic, nicolae_overflow_crystal_walls,
          lemuel_mausoleum_altar_kikubaaqudgha
D:6:      layout_loops_ring
D:7:      layout_basic, minmay_temple_entry_nine_rooms, serial_shops,
          nicolae_take_the_stairs, minmay_manual_mares
D:8:      layout_loops_corners, amcnicky_altar_gilded, jmf_multi_god_temple2,
          serial_ice, serial_ice_l, serial_ice_m, serial_ice_g, serial_ice_d,
          serial_ice_b, serial_ice_n
D:9:      layout_loops_ring, mainiacjoe_overflow_alcove_1,
          mainiacjoe_overflow_cross_hatched, serial_shops,
          nicolae_shop_tiny_real_fake_doors, minmay_fractal_squares_5
D:10:     layout_loops_ring, mainiacjoe_overflow_concentric_impassable,
          nooodl_orcs_dogs
D:11:     layout_stronghold, david_lair_generic
D:12:     kennysheep_green_arena, layout_stronghold, nzn_wu_jian_contemplation
Temple:   zaba_magenta_temple

Skill      XL: |  1  2  3  4  5  6  7  8  9 10 11 12 |
---------------+-------------------------------------+-----
Axes           | 3 5 6 8 10 12 13 14 | 14.2
Fighting       | 4 5 6 8 9 10 | 10.7
Throwing       | 6 9 |  9.7
Invocations    | 1 2 |  2.5
Armour         | |  3.1
Shields        | |  3.1

Action                     |  1- 3 |  4- 6 |  7- 9 | 10-12 || total
---------------------------+-------+-------+-------+-------++-------
  Melee: War axe           |    86 |   105 |   259 |   647 ||  1097
         Hand axe          |       |       |   122 |    32 ||   154
  Throw: Dart              |       |       |     1 |     7 ||     8
 Invoke: Heroism           |       |       |       |     2 ||     2
  Evoke: Wand              |       |       |     3 |       ||     3
    Use: Potion            |       |     4 |       |     2 ||     6
 Armour: Chain mail        |    35 |       |       |       ||    35
         Ring mail         |    13 |    66 |   200 |   344 ||   623
  Dodge: Dodged            |    31 |    48 |   147 |   321 ||   547
  Block: Buckler           |    23 |    19 |    64 |   129 ||   235

Table legend: (Time is in decaauts)
 A = Elapsed time spent in this place.
 B = Non-inter-level travel time spent in this place.
 C = Inter-level travel time spent in this place.
 D = Time resting spent in this place.
 E = Time spent auto-exploring this place.
 F = Levels seen in this place.
 G = Mean time per level.
                   A        B        C        D        E       F      G
               +--------+--------+--------+--------+--------+-----+--------+
         Total |  12406 |  12073 |    333 |    656 |   8762 |  13 |  954.3 |
       Dungeon |  12398 |  12065 |    333 |    656 |   8756 |  12 | 1033.2 |
        Temple |      7 |      7 |      0 |      0 |      6 |   1 |    7.0 |
               +--------+--------+--------+--------+--------+-----+--------+

Top non-repeatable levels by time:
    D:10: 2152 daAuts
     D:8: 1694 daAuts
     D:7: 1274 daAuts
     D:4: 1261 daAuts
     D:5: 1025 daAuts
     D:9: 966 daAuts
    D:11: 956 daAuts
     D:3: 907 daAuts
     D:2: 747 daAuts
     D:6: 705 daAuts
     D:1: 675 daAuts
    D:12: 31 daAuts
  Temple: 7 daAuts
